 Dungeon Crawl Stone Soup version 0.23.2-33-g5129a83184 (webtiles) character file.

Game seed: 2998300690868322807

34 colophon the Sneak (level 3, -2/20 HPs)
             Began as a Kobold Enchanter on July 5, 2019.
             Slain by a gnoll
             ... wielding a +0 spear
              (8 damage)
             ... on level 2 of the Dungeon.
             The game lasted 00:07:00 (1440 turns).

colophon the Sneak (Kobold Enchanter)               Turns: 1440, Time: 00:07:01

Health: -2/20      AC:  2    Str:  5    XL:     3   Next: 50%
Magic:  0/6        EV: 16    Int: 16    God:
Gold:   132        SH:  0    Dex: 16    Spells: 4/7 levels left

rFire    . . .     SeeInvis .   a - +1 dagger
rCold    . . .     Gourm    .   (shield restricted)
rNeg     . . .     Faith    .   b - +0 robe
rPois    .         Spirit   .   (no helmet)
rElec    .         Reflect  .   (no cloak)
rCorr    .         Harm     .   (no gloves)
MR       .....                  (no boots)
Stlth    +++.......             (no amulet)
HPRegen  0.06/turn              (no ring)
MPRegen  0.10/turn              (no ring)

@: very slightly contaminated
A: small, carnivore
a: no special abilities


You were on level 2 of the Dungeon.
You were completely stuffed.

You visited 1 branch of the dungeon, and saw 2 of its levels.

You collected 132 gold pieces.

Inventory:

Hand Weapons
 a - a +1 dagger (weapon)
Armour
 b - a +0 robe (worn)
Scrolls
 e - a scroll of remove curse {unknown}
 g - a scroll of teleportation {unknown}
 h - a scroll of identify {unknown}
 j - a scroll of amnesia {unknown}
Potions
 c - 2 potions of magic {unknown}
 f - a potion of curing {unknown}
Comestibles
 d - 3 rations
 i - 6 chunks of flesh


   Skills:
 + Level 1.2 Fighting
 + Level 2.1 Short Blades
 + Level 2.9 Dodging
 + Level 4.4 Stealth
 + Level 2.5 Spellcasting
 - Level 3.0 Hexes


You had 4 spell levels left.
You knew the following spells:

 Your Spells              Type           Power        Failure   Level  Hunger
a - Corona                Hex            ##.....      6%          1    #......
b - Ensorcelled Hibernat  Hex/Ice        #.....       16%         2    ##.....

Your spell library contained the following spells:

 Spells                   Type           Power        Failure   Level  Hunger
 Confuse                  Hex            ##......     17%         3    ###....
 Tukima's Dance           Hex            ##......     17%         3    ###....
 Dazzling Spray           Conj/Hex       #.....       32%         3    ###....


Dungeon Overview and Level Annotations

Branches:
Dungeon (2/15)

Altars:


Innate Abilities, Weirdness & Mutations

You are small and have problems with some larger weapons.
You are carnivorous and can eat meat at any time.


Message History

You miscast Ensorcelled Hibernation.
You are very lightly contaminated with residual magic.
Nothing appears to happen.
The gnoll closely misses you.
Casting: Ensorcelled Hibernation (safe; 16% risk of failure)
Confirm with . or Enter, or press ? or * to list all spells.
Aiming: Ensorcelled Hibernation (safe; 16% risk of failure)
Press: ? - help, Shift-Dir - straight line, f/p - gnoll
Aim: a gnoll, wielding a +0 spear (chance to defeat MR: 47%)
The gnoll resists with some effort.
The gnoll hits you from afar with a +0 spear.
Casting: Ensorcelled Hibernation (safe; 16% risk of failure)
Confirm with . or Enter, or press ? or * to list all spells.
Aiming: Ensorcelled Hibernation (safe; 16% risk of failure)
Press: ? - help, Shift-Dir - straight line, f/p - gnoll
Aim: a gnoll, wielding a +0 spear (chance to defeat MR: 47%)
The gnoll resists with some effort.
The gnoll hits you from afar with a +0 spear!
* * * LOW HITPOINT WARNING * * *
The gnoll hits you from afar with a +0 spear!
You die...

## .##.# ..# . #.# #.#### #
.# #.# #####....# #..# #.# #
##.....##.# ##..# #.# #
##.......#.##....# #.# #
#...........#.##..##.# ###
#.............# #..#)# ##..
#......(..#@######...# #...
#......(..#..gg..##..# ##...
#.........######.....###...#
##....<..## ###.g.....###
#.....÷...# #....##.#
#.#.........# ##.g#...#
#.....).....# ####.......##
###.........# #....÷......#
#.........# #.##.....##..#


You could see 2 gnolls.

Vanquished Creatures
  An ooze (D:2)
  2 worms (D:2)
  2 dart slugs (D:1)
  3 bats (D:1)
  5 hobgoblins
  3 frilled lizards
  A kobold (D:1)
  5 rats
22 creatures vanquished.

Notes
Turn   | Place    | Note
-------+----------+-------------------------------------------
     0 | D:1      | colophon the Kobold Enchanter began the quest for the Orb.
     0 | D:1      | Reached XP level 1. HP: 10/10 MP: 3/3
   299 | D:1      | Reached XP level 2. HP: 12/16 MP: 3/5
   769 | D:1      | Learned a level 2 spell: Ensorcelled Hibernation
  1201 | D:2      | Reached skill level 1 in Fighting
  1201 | D:2      | Reached XP level 3. HP: 20/20 MP: 6/6
  1440 | D:2      | Slain by a gnoll

Skill      XL: |  1  2 |
---------------+-------+-----
Fighting       | 1 |  1.2
Short Blades   | 2 |  2.1
Dodging        | |  2.9
Stealth        | |  4.4
Spellcasting   | |  2.5
Hexes          | |  3.0

Action                   || total
-------------------------++-------
Melee: Dagger            ||    78
 Cast: Corona            ||     5
       Ensorcelled Hiber ||    14
 Stab: Sleeping          ||    11
  Eat: Chunk             ||    11
Armor: Robe              ||    12
Dodge: Dodged            ||    62
